 Dungeon Crawl Stone Soup version 0.30-a0-782-ge64f9170bb (webtiles) character file.

Game seed: 644025868281015664

2 senseless the Sneak (level 1, 0/16 HPs)
             Began as an Octopode Delver on Mar 4, 2023.
             Slain by a phantom (3 damage)
             ... on level 5 of the Dungeon.
             The game lasted 00:02:28 (189 turns).

senseless the Sneak (Octopode Delver)                Turns: 189, Time: 00:02:29

Health: 0/16       AC:  1    Str: 11    XL:     1   Next: 40%
Magic:  1/1        EV: 13    Int: 12    God:
Gold:   47         SH:  0    Dex: 13    Spells: 0/0 levels left

rFire   . . .      SeeInvis .    a - +0 hand axe
rCold   . . .      Faith    .    (no shield)
rNeg    . . .      Spirit   .    (helmet restricted)
rPois   .          Reflect  .    (no amulet)
rElec   .          Harm     .    (no ring)
rCorr   .          Rampage  .    (no ring)
Will    .....                    (no ring)
Stlth   ++++                     (no ring)
HPRegen 0.22/turn                (no ring)
MPRegen 0.07/turn                (no ring)
                                 (no ring)
                                 (no ring)

@: no status effects
A: almost no armour, amphibious, 8 rings, camouflage 1, gelatinous body 1,
(nimble swimmer 1), tentacles
a: no special abilities


You were on level 5 of the Dungeon.
You visited 1 branch of the dungeon, and saw 2 of its levels.

You collected 47 gold pieces.

Inventory:

Hand Weapons
 a - a +0 hand axe (weapon)
Missiles
 g - 3 silver javelins (quivered)
Wands
 f - a wand of digging (3)
Scrolls
 b - a scroll of fog
 c - a scroll of magic mapping
 d - a scroll of fear
 h - a scroll of teleportation {unknown}
Potions
 e - a potion of haste
 i - a potion of degeneration {unknown}


   Skills:
 + Level 3.0 Fighting
 + Level 2.0 Axes
 + Level 2.0 Dodging
 + Level 6.7 Stealth


You couldn't memorise any spells.
You didn't know any spells.
Your spell library contained the following spells:

 Spells                   Type           Power      Damage    Failure   Level
 Hailstorm                Conj/Ice       0%         3d3       69%         3
 Ice Form                 Ice/Tmut       0%         N/A       97%         4
 Simulacrum               Ice/Necr       0%         N/A       100%        6


Dungeon Overview and Level Annotations

Branches:
Dungeon (6/15)
 Temple: D:4-7

Altars:

Annotations:
D:5 1 transporter, hackum's ghost, novice GrFi


Innate Abilities, Weirdness & Mutations

You cannot wear most types of armour.
You are amphibious.
You can wear up to eight rings at the same time.
Your skin changes colour to match your surroundings (Stealth+).
Your rubbery body absorbs attacks. (AC +1, EV +1)
((You are camouflaged when in or above water. (Stealth+)))
You have tentacles for arms and can constrict up to eight enemies at once.


Message History

You see here a scroll labelled DANLO NOEMM.
You see here a scroll labelled DANLO NOEMM.
h - a scroll labelled DANLO NOEMM The dart slug launches a dart at you.
The slug dart misses you.
Found a fuming coppery potion.
You slash the dart slug! You grab the dart slug.
You squeeze the dart slug, but do no damage.
The dart slug is severely wounded.
You constrict the dart slug. The dart slug launches a dart at you.
The slug dart hits you.
You hit the dart slug but do no damage.
The dart slug is almost dead.
You constrict the dart slug.
You kill the dart slug!
HP restored.
You see here a dart slug corpse. 2 yaks come into view.
You now have 47 gold pieces (gained 17).
i - a fuming coppery potion You open the door.
There is an open door here.
You open the door.
Found a dagger.
Found a stone staircase leading up.
A phantom comes into view.
Found a book of the Tundra.
You pick up a book of the Tundra and begin reading...
You add the spells Hailstorm, Ice Form and Simulacrum to your library.
The phantom misses you.
There is a stone staircase leading up here.
You barely miss the phantom. Your squeeze misses the phantom.
The phantom hits you!
Ouch! That really hurt!
The phantom hits you.
* * * LOW HITPOINT WARNING * * *
The phantom blinks!
You blink.
You closely miss the phantom. The phantom hits you.
You die...

# #######.##.##....#####
#.#...........+....'...+
#...#####.##.##....#####
#......................'
##.####..).##.......####
#.......<..##.......# #
#..###..............# #
... +..............# #
.#.# #.@.....##.....# #
#+#. #.W.....######.#
#.......# #.# ###....##
#.# .....+ .# ....#
....# ....+


You could see a phantom.

Vanquished Creatures
  A dart slug (D:5)
1 creature vanquished.

Notes
Turn   | Place    | Note
-------+----------+-------------------------------------------
     0 | D:5      | senseless the Octopode Delver began the quest for the Orb.
     0 | D:5      | Reached XP level 1. HP: 16/16 MP: 1/1
    11 | D:5      | Noticed an ogre
    30 | D:6      | Noticed a scorpion
    30 | D:6      | Noticed a bullfrog
    30 | D:6      | Noticed a hound
    35 | D:5      | Noticed a yak
    43 | D:5      | Noticed hackum's ghost (novice GrFi)
    44 | D:5      | Noticed a scorpion
    79 | D:5      | Noticed a black bear
   109 | D:5      | Found a transporter.
   142 | D:5      | Noticed a yak
   142 | D:5      | Noticed a yak
   170 | D:5      | Noticed a phantom
   189 | D:5      | Slain by a phantom

Illustrated notes

Levels and vault maps discovered:
D:5:      layout_basic, kennysheep_little_box, gammafunk_ghost_arena
D:6:      layout_basic, makhleb_altar_promises_db, zin_statuary

Action                     || total
---------------------------++-------
  Melee: Hand axe          ||     4
         Constrict         ||     1
         Tentacles         ||     1
  Dodge: Dodged            ||     2

Table legend: (Time is in decaauts)
 A = Elapsed time spent in this place.
 B = Non-inter-level travel time spent in this place.
 C = Inter-level travel time spent in this place.
 D = Time resting spent in this place.
 E = Time spent auto-exploring this place.
 F = Levels seen in this place.
 G = Mean time per level.
                   A        B        C        D        E       F      G
               +--------+--------+--------+--------+--------+-----+--------+
         Total |    189 |    189 |      0 |      0 |     18 |   2 |   94.5 |
       Dungeon |    189 |    189 |      0 |      0 |     18 |   2 |   94.5 |
               +--------+--------+--------+--------+--------+-----+--------+

Top non-repeatable levels by time:
     D:5: 188 daAuts
     D:6: 1 daAuts
